 Dungeon Crawl Stone Soup version 0.19.0-2-gae57169 (webtiles) character file.

1708 Neder the Cleaver (level 8, -9/58 HPs)
             Began as a Demonspawn Fighter on Nov 4, 2016.
             Was an Initiate of Makhleb.
             Mangled by an ogre
             ... wielding a +0 giant club
              (20 damage)
             ... on level 6 of the Dungeon.
             The game lasted 00:11:57 (6095 turns).

Neder the Cleaver (Demonspawn Fighter)              Turns: 6095, Time: 00:11:58

Health: -9/58      AC: 13    Str: 23    XL:     8   Next: 73%
Magic:  8/8        EV:  6    Int:  9    God:    Makhleb [......]
Gold:   170        SH:  0    Dex:  9    Spells: 0 memorised, 7 levels left

rFire  . . .     SeeInvis +     A - +3 flail of the Lumpy Moons {elec, rElec MR++ Str+4 Dex-4}
rCold  . . .     Gourm    .     j - +0 plate armour
rNeg   . . .     Faith    .     (no shield)
rPois  .         Spirit   .     (no helmet)
rElec  +         Reflect  .     (no cloak)
rCorr  .         Harm     .     (no gloves)
MR     ++...                    (no boots)
Stlth  ..........               (no amulet)
                                c - ring of see invisible
                                e - ring of flight

@: no status effects
A: talons 1, iridescent scales 1, powered by death 1, electricity resistance,
rot immunity
a: Renounce Religion, Evoke Flight


You were on level 6 of the Dungeon.
You worshipped Makhleb.
Makhleb was noncommittal.
You were not hungry.

You visited 1 branch of the dungeon, and saw 6 of its levels.

You collected 170 gold pieces.

Inventory:

Hand Weapons
 a - a +1 war axe
 A - the +3 flail of the Lumpy Moons (weapon) {elec, rElec MR++ Str+4 Dex-4}
   (You found it on level 5 of the Dungeon)

   Occasionally, upon striking a foe, it will discharge some electrical energy
   and cause terrible harm.
   It affects your strength (+4).
   It affects your dexterity (-4).
   It insulates you from electricity.
   It affects your resistance to hostile enchantments.
Armour
 b - a +1 scale mail
 j - a +0 plate armour (worn)
Jewellery
 c - a ring of see invisible (right hand)
 e - a ring of flight (left hand)
 g - an uncursed ring of positive energy {unknown}
 w - an uncursed ring of fire {unknown}
Wands
 u - a wand of iceblast (5/15)
 x - a wand of polymorph (2/24)
Scrolls
 h - a scroll of enchant weapon
 i - a scroll of enchant armour
 k - 4 scrolls of teleportation
 p - a scroll of remove curse
 s - a scroll of fear {unknown}
 v - a scroll of magic mapping {unknown}
Potions
 l - a potion of brilliance
 n - 6 potions of curing
 o - a potion of mutation
 q - a potion of cure mutation
 C - a potion of haste
Books
 d - a book of Minor Magic

   Spells                             Type                      Level
   a - Magic Dart                     Conjuration                  1
   b - Blink                          Translocation                2
   c - Call Imp                       Summoning                    2
   d - Repel Missiles                 Charms/Air                   2
   e - Slow                           Hexes                        2
   f - Conjure Flame                  Conjuration/Fire             3
   g - Mephitic Cloud                 Conjuration/Poison/Air       3
 B - a book of Misfortune

   Spells                             Type                      Level
   a - Confusing Touch                Hexes                        1
   b - Confuse                        Hexes                        3
   c - Gell's Gravitas                Hexes/Translocation          3
   d - Petrify                        Transmutation/Earth          4
   e - Metabolic Englaciation         Hexes/Ice                    5
   f - Yara's Violent Unravelling     Hexes/Transmutation          5
Comestibles
 f - 4 bread rations


   Skills:
 - Level 3.0 Fighting
 + Level 10.4 Axes
 - Level 2.6 Armour
   Level 2.6 Shields


You had 7 spell levels left.
You didn't know any spells.

Dungeon Overview and Level Annotations

Branches:
Dungeon (6/15)
 Temple: D:4-7

Altars:
Ashenzari
Dithmenos
Gozag
Hepliaklqana
Makhleb
Nemelex Xobeh
Okawaru
Ru
Trog
Vehumet
Xom
Yredelemnul


Innate Abilities, Weirdness & Mutations

You have sharp toenails.
You are partially covered in iridescent scales. (AC +2)
You regenerate a little health from kills.
You are immune to rotting.
You are resistant to electric shocks. (rElec)


Message History

The ogre is almost dead.
The ogre hits you with a giant club.
You hit the ogre but do no damage.
The ogre is almost dead.
The ogre hits you with a giant club!
Your plate armour prevents you from hitting the ogre.
Your kick misses the ogre.
The ogre is almost dead.
The ogre hits you but does no damage.
You barely miss the ogre. You claw the ogre.
The ogre is almost dead.
Your plate armour prevents you from hitting the ogre.
Your kick misses the ogre.
The ogre is almost dead.
The ogre hits you with a giant club!
* * * LOW HITPOINT WARNING * * *
You hit the ogre. Your kick misses the ogre.
The ogre is almost dead.
The ogre hits you with a giant club!!
You die...

#.##.#.#..........
#......###########
####.####
#.......###########
.....##.##...........#
####.##.##.###.......#
#.......###......(#
..................#
#.##.##.###.@O....#
#.......# #.......#
..##.##...........# #
# #.########### ..#
###


You could see an ogre.

Vanquished Creatures
  Duvessa (D:4)
  A phantom (D:4)
  2 sky beasts
  An ogre (D:4)
  A bullfrog (D:5)
  Dowan (D:4)
  A water moccasin zombie (D:5)
  2 scorpions (D:5)
  A howler monkey (D:6)
  2 crimson imps (D:5)
  2 centaur zombies (D:5)
  2 orc priests
  A bullfrog skeleton (D:5)
  A centaur skeleton (D:5)
  A hound (D:5)
  5 orc wizards
  2 iguanas (D:4)
  4 worker ants
  A killer bee zombie (D:5)
  A hound zombie (D:5)
  A hound skeleton (D:5)
  3 worker ant zombies
  Robin (D:2)
  8 gnolls
  2 howler monkey skeletons
  8 adders
  A shadow imp (D:5)
  2 adder zombies (D:5)
  An adder skeleton (D:5)
  2 worms
  A dart slug (D:2)
  2 leopard geckos (D:4)
  15 orcs
  5 giant cockroaches
  17 goblins
  7 hobgoblins
  9 jackals
  3 quokkas
  2 ball pythons
  A ball python skeleton (D:5)
  8 bats
  5 frilled lizards
  3 jackal skeletons (D:5)
  4 kobolds
  10 rats
154 creatures vanquished.

Notes
Turn   | Place    | Note
-------+----------+-------------------------------------------
     0 | D:1      | Neder the Demonspawn Fighter began the quest for the Orb.
     0 | D:1      | Reached XP level 1. HP: 18/18 MP: 1/1
    96 | D:1      | Reached skill level 2 in Axes
   508 | D:1      | Found a shattered altar of Ashenzari.
   514 | D:1      | Gained mutation: You have sharp toenails. [demonic ancestry]
   514 | D:1      | Reached XP level 2. HP: 24/24 MP: 2/2
   935 | D:2      | Noticed a moth of wrath
   939 | D:2      | Found a bloodstained altar of Trog.
   953 | D:2      | Reached skill level 3 in Axes
   965 | D:2      | HP: 1/24 [worm (10)]
  1325 | D:2      | Reached XP level 3. HP: 22/29 MP: 3/3
  1333 | D:2      | Found a faded altar of an unknown god.
  1378 | D:2      | Noticed Robin
  1406 | D:2      | Killed Robin
  1543 | D:2      | Reached XP level 4. HP: 24/35 MP: 4/4
  1753 | D:2      | Reached skill level 4 in Axes
  2661 | D:3      | Gained mutation: You regenerate a little health from kills. [demonic ancestry]
  2661 | D:3      | Reached XP level 5. HP: 41/41 MP: 5/5
  2664 | D:3      | Found a basalt altar of Yredelemnul.
  2779 | D:3      | Reached skill level 5 in Axes
  3147 | D:3      | Found a hazy altar of Hepliaklqana.
  3147 | D:3      | Found an opulent altar of Gozag.
  3148 | D:3      | Found an iron altar of Okawaru.
  3232 | D:4      | Noticed a phantom
  3249 | D:4      | Killed a phantom
  3249 | D:4      | Reached skill level 6 in Axes
  3249 | D:4      | Gained mutation: You are partially covered in iridescent scales. (AC +2) [demonic ancestry]
  3249 | D:4      | Reached XP level 6. HP: 47/47 MP: 6/6
  3799 | D:4      | Reached skill level 7 in Axes
  3799 | D:4      | Gained mutation: You are immune to rotting. [demonic ancestry]
  3799 | D:4      | Reached XP level 7. HP: 32/52 MP: 7/7
  3915 | D:4      | Noticed Duvessa
  3915 | D:4      | Noticed Dowan
  3918 | D:4      | Gained mutation: You are resistant to electric shocks. (rElec) [potion of beneficial mutation]
  3933 | D:4      | Killed Duvessa
  3937 | D:4      | Killed Dowan
  4561 | D:5      | Entered Level 5 of the Dungeon
  4630 | D:5      | Found a shadowy altar of Dithmenos.
  4634 | D:5      | Reached skill level 8 in Axes
  4635 | D:5      | Found a bloodstained altar of Trog.
  4635 | D:5      | Found a sacrificial altar of Ru.
  4637 | D:5      | Found a sparkling altar of Nemelex Xobeh.
  4637 | D:5      | Found a radiant altar of Vehumet.
  4751 | D:5      | Got a brightly glowing flail
  4756 | D:5      | Identified the +4 flail "Orb Guardian's Peril" {vamp, +Blink rElec MR- Int+6} (You found it on level 5 of the Dungeon)
  4821 | D:5      | Reached XP level 8. HP: 57/58 MP: 8/8
  5059 | D:5      | Reached skill level 9 in Axes
  5763 | D:5      | Found a burning altar of Makhleb.
  5763 | D:5      | Found a shimmering altar of Xom.
  5819 | D:5      | Became a worshipper of Makhleb the Destroyer
  5987 | D:5      | Reached skill level 10 in Axes
  6023 | D:5      | Got an ebony flail
  6024 | D:5      | Identified the +3 flail of the Lumpy Moons {elec, rElec MR++ Str+4 Dex-4} (You found it on level 5 of the Dungeon)
  6095 | D:6      | Mangled by an ogre

Skill      XL: |  1  2  3  4  5  6  7  8 |
---------------+-------------------------+-----
Axes           | 2 3 4 6 7 8 10 | 10.4
Fighting       | |  3.0
Armour         | |  2.6
Shields        | |  2.6

Action                   |  1- 3 |  4- 6 |  7- 9 || total
-------------------------+-------+-------+-------++-------
Melee: War axe           |    94 |   177 |   251 ||   522
       Kick              |    13 |    50 |    81 ||   144
       Flail             |       |       |    26 ||    26
  Use: Scroll            |     6 |     2 |     4 ||    12
       Potion            |       |     2 |     5 ||     7
  Eat: Chunk             |     2 |     1 |     5 ||     8
       Beef jerky        |       |     1 |     1 ||     2
       Bread ration      |       |     1 |       ||     1
       Meat ration       |       |       |     1 ||     1
       Pizza             |       |       |     1 ||     1
Armor: Scale mail        |    60 |     9 |       ||    69
       Plate armour      |       |   121 |   202 ||   323
Dodge: Dodged            |    44 |    32 |    58 ||   134
Block: Shield            |    21 |       |       ||    21
